 Dungeon Crawl Stone Soup version 0.18-a0-674-g00855b9 (webtiles) character file.

41 Aethei the Chopper (level 3, -9/31 HPs)
             Began as a Minotaur Fighter on Dec 6, 2015.
             Killed by nerve-wracking pain
             ... invoked by Jessica
              (12 damage)
             ... on level 2 of the Dungeon.
             The game lasted 00:01:53 (1041 turns).

Aethei the Chopper (Minotaur Fighter)               Turns: 1041, Time: 00:01:53

Health: -9/31      AC:  6    Str: 25    XL:     3   Next: 32%
Magic:  2/2        EV:  7    Int:  5    God:
Gold:   58         SH:  0    Dex: 10    Spells: 0 memorised, 2 levels left

rFire  . . .     SeeInvis .     a - +0 war axe
rCold  . . .     Clarity  .     b - +0 scale mail
rNeg   . . .     SustAt   .     c - +0 shield
rPois  .         Gourm    .     (helmet restricted)
rElec  .         Spirit   .     (no cloak)
rCorr  .         Dismiss  .     (no gloves)
rMut   .         Stasis   .     (no boots)
MR     .....                    (no amulet)
Stlth  ..........               (no ring)
                                (no ring)

@: confused, mighty, not resistant to hostile enchantments, extremely unstealthy
A: retaliatory headbutt, horns 2
a: no special abilities


You were on level 2 of the Dungeon.
You were not hungry.

You visited 1 branch of the dungeon, and saw 2 of its levels.

You collected 58 gold pieces.

Inventory:

Hand Weapons
 a - a +0 war axe (weapon)
Armour
 b - a +0 scale mail (worn)
 c - a +0 shield (worn)
Scrolls
 f - a scroll of immolation {unknown}
 h - a scroll of teleportation {unknown}
 i - a scroll of magic mapping {unknown}
Potions
 d - 2 potions of might
 g - a potion of cancellation {unknown}
 j - a potion of haste {unknown}
Comestibles
 e - 2 bread rations
 k - 2 chunks of flesh


   Skills:
 - Level 3.6 Fighting
 + Level 4.6 Axes
 - Level 3.6 Armour
 - Level 3.6 Shields


You had 2 spell levels left.
You didn't know any spells.

Dungeon Overview and Level Annotations

Branches:
Dungeon (2/15)

Altars:
Okawaru

Annotations:
D:2 Jessica


Innate Abilities, Weirdness & Mutations

You reflexively headbutt those who attack you in melee.
You have a pair of horns on your head.


Message History

Jessica points at you and mumbles some strange words.
Pain shoots through your body!
Jessica zaps a wand.
Your will is overpowered!
You are more confused.
You see here a scroll labeled OSAIDETS JOSITS.
Jessica zaps a wand.
Your will is overpowered!
You are more confused.
Found a bread ration and a spear.
Jessica zaps a wand.
You resist with significant effort. Jessica casts a spell at you.
Pain shoots through your body!
* * * LOW HITPOINT WARNING * * *
Jessica gestures at you while chanting.
You barely resist.
Jessica zaps a wand.
Your will is overpowered!
You are more confused.
Jessica zaps a wand.
You resist with significant effort.
You see here a scroll labeled OSAIDETS JOSITS.
Jessica casts a spell at you. Pain shoots through your body!
You die...

#.#.#.#...(.# #.......#
.......[....# #.......#
##+##.#.....###.......#
#...#.................#
'...'.#.##............#
#...#...##............#
##+##.#.##.........#+##
........##......?..#
#.#.#.#.........@@.#
...........####.#..#
...........# ...#<..$#
.......................>
#####...####..#####.....
#...# #....# ..... #
#...# ♣...P♣ ..... ##
#... ♣.P.♣♣ .... .# .


You could see Jessica.

Vanquished Creatures
  2 adders (D:2)
  A giant gecko (D:2)
  2 goblins (D:1)
  4 hobgoblins
  2 kobolds (D:2)
  A ball python (D:1)
  7 bats
  A giant cockroach (D:1)
  2 giant newts (D:2)
  A rat (D:2)
23 creatures vanquished.

Notes
Turn   | Place    | Note
--------------------------------------------------------------
     0 | D:1      | Aethei the Minotaur Fighter began the quest for the Orb.
     0 | D:1      | Reached XP level 1. HP: 19/19 MP: 0/0
   216 | D:1      | Reached XP level 2. HP: 26/26 MP: 1/1
   610 | D:2      | Found a faded altar to an unknown god.
   651 | D:2      | Reached skill level 4 in Axes
   653 | D:2      | Found an iron altar of Okawaru.
   923 | D:2      | Reached XP level 3. HP: 23/31 MP: 2/2
  1027 | D:2      | Noticed Jessica
  1041 | D:2      | Killed from afar by Jessica

Vault maps used:
D:1:      dpeg_arrival_simpleton_b
D:2:      ecumenical_altar_1, first_bread, minmay_misc_feat_doors,
          kennysheep_okawaru_gauntlet, uniq_jessica, uniq_crazy_yiuf_cottage

Action                   || total
-------------------------++-------
Melee: War axe           ||    52
  Use: Potion            ||     1
